AoeStats
← ME_DEPRIME_JUGAR_CON_USTEDES

African Clearing

506240096Analyzed
4v4 RM · 19d ago on Sep 12, 2026· 42m 18s· 8 players
Game mode
Random Map
Map size
Large (8 player)
Population
200
Speed
Normal
Resources
Standard
Victory
Conquest
Starting age
Dark Age
Ending age
Imperial Age
RankedLock teamsTeams togetherTeam positionsShared explorationLock speedFull tech treeHidden civsTurbo modeCheats
Victory
Defeat
🇨🇭 Vikings · Switzerland
1760
+8
🇨🇴 Bengalis · Colombia
1663
+11
🇦🇷 Magyars · Argentina
1662
+11
🇦🇷 Wei · Argentina
1528
+18
🇫🇷 Bulgarians · France
1644
-15
1622
-14
🇫🇷 Byzantines · France
1567
-12
🇫🇷 Aztecs · France
1401
-7
gyNNNNN
12:51 Feudal Age
14:26 Loom
18:00 Castle Age
16:16 Double-Bit Axe
20:03 Bow Saw
23:20 Horse Collar
23:31 Fletching
25:16 Heavy Plow
26:19 Bodkin Arrow
28:54 Padded Archer Armor
29:57 Bloodlines
29:47 Husbandry
31:02 Wheelbarrow
31:45 Ballistics
36:49 Imperial Age
34:32 Gold Mining
35:20 Leather Archer Armor
35:25 Thumb Ring
36:37 Hand Cart
37:32 Bracer
38:03 Ring Archer Armor
38:21 Conscription
38:27 Heavy Cavalry Archer
39:11 Recurve Bow
40:19 Parthian Tactics
41:55 Two-Man Saw
41:26 Crop Rotation
43:32 Gold Shaft Mining
The .Gocho
4:00 Loom
13:42 Feudal Age
15:08 Town Watch
18:53 Castle Age
18:37 Fletching
19:15 Double-Bit Axe
30:53 Bodkin Arrow
31:39 Wheelbarrow
30:48 Horse Collar
33:45 Redemption
35:04 Ballistics
36:34 Sanctity
37:35 Squires
38:19 Scale Mail Armor
38:12 Pikeman
Frytok
11:32 Feudal Age
11:45 Man-at-Arms
13:28 Arson
15:25 Double-Bit Axe
15:40 Horse Collar
17:54 Loom
20:49 Castle Age
19:17 Gold Mining
19:35 Fletching
20:33 Padded Archer Armor
21:08 Long Swordsman
21:50 Bodkin Arrow
21:27 Crossbowman
22:16 Long Swordsman
23:29 Town Watch
28:41 Bow Saw
30:04 Ballistics
31:58 Leather Archer Armor
35:27 Imperial Age
33:56 Stone Mining
34:44 Gold Shaft Mining
35:48 Scale Mail Armor
35:59 Forging
36:13 Bracer
37:15 Chemistry
35:56 Arbalester
37:18 Ring Archer Armor
37:12 Scale Mail Armor
37:28 Forging
37:01 Capped Ram
37:56 Heavy Plow
39:19 Chain Mail Armor
39:45 Iron Casting
40:03 Chieftains
40:42 Conscription
41:09 Plate Mail Armor
41:59 Blast Furnace
41:00 Elite Berserk
42:02 Squires
42:52 Bogsveigar
ME_DEPRIME_JUGAR_CON_USTEDES
12:18 Feudal Age
13:00 Double-Bit Axe
15:52 Loom
20:59 Fishing Lines
25:09 Castle Age
23:50 Scale Barding Armor
23:49 Gold Mining
24:44 Forging
24:25 Horse Collar
26:41 Bloodlines
28:21 Chain Barding Armor
32:06 Gold Shaft Mining
34:15 Iron Casting
35:22 Husbandry
35:30 Stone Mining
37:56 Gillnets
38:43 Wheelbarrow
[AHOU] Ezio Auditore Da Firenze
3:16 Loom
11:42 Feudal Age
12:26 Double-Bit Axe
18:53 Forging
20:41 Town Watch
21:49 Wheelbarrow
23:32 Wheelbarrow
26:24 Castle Age
24:54 Scale Barding Armor
25:25 Bloodlines
28:44 Chain Barding Armor
31:42 Husbandry
Sac a dos
6:05 Loom
13:10 Feudal Age
17:31 Castle Age
15:23 Double-Bit Axe
16:29 Scale Barding Armor
17:26 Bloodlines
21:36 Bow Saw
23:32 Horse Collar
26:24 Wheelbarrow
25:54 Gold Mining
26:16 Forging
27:26 Heavy Plow
27:34 Stone Mining
28:20 Chain Barding Armor
28:26 Husbandry
30:35 Iron Casting
35:52 Imperial Age
34:23 Gold Shaft Mining
33:55 Fletching
34:52 Stirrups
36:20 Stone Shaft Mining
36:01 Cavalier
37:38 Plate Barding Armor
38:10 Blast Furnace
38:07 Conscription
38:24 Bodkin Arrow
38:50 Ballistics
39:31 Chemistry
40:41 Bracer
41:42 Chemistry
Hugo4774
10:57 Loom
13:08 Feudal Age
14:03 Double-Bit Axe
14:45 Fletching
23:36 Wheelbarrow
27:25 Castle Age
28:21 Hand Cart
34:17 Bow Saw
34:01 Horse Collar
35:48 Heavy Plow
FLEJEUNE
7:11 Loom
13:37 Feudal Age
14:29 Town Watch
16:51 Wheelbarrow
16:50 Double-Bit Axe
18:09 Gold Mining
21:57 Castle Age
21:15 Fletching
22:21 Crossbowman
22:57 Bodkin Arrow
23:46 Padded Archer Armor
27:52 Ballistics
28:09 Horse Collar
28:40 Bow Saw
28:46 Eagle Warrior
30:15 Squires
32:25 Hand Cart
33:09 Scale Mail Armor
33:55 Leather Archer Armor
34:44 Chain Mail Armor
35:21 Forging
Connection lost

Rejoining the realm…

Still unreachable

The connection could not be restored.

Session expired

The server has moved on; the page needs a fresh start.